 Dungeon Crawl Stone Soup version 0.24-a0-639-gb70a11d811 (webtiles) character file.

Game seed: 15298537361051819289, levelgen mode: deterministic

112606 Hybris the Blocker (level 16, -11/124 HPs)
             Began as a Gnoll Wizard on Sept 20, 2019.
             Was a High Priest of Vehumet.
             Killed from afar by Nikola (24 damage)
             ... with a chain lightning
             ... on level 1 of the Swamp on Sept 22, 2019.
             The game lasted 03:00:49 (32413 turns).

Hybris the Blocker (Gnoll Wizard)                  Turns: 32413, Time: 03:00:51

Health: -11/124    AC: 18    Str: 10      XL:     16   Next: 60%
Magic:  41/41      EV: 16    Int: 25 (27) God:    Vehumet [*****.]
Gold:   2702       SH:  0    Dex: 20      Spells: 7/40 levels left

rFire    + . .     SeeInvis .   C - +8 quarterstaff "Jissin" {venom, MR+ MP+9 Int+2}
rCold    . . .     Gourm    .   (shield currently unavailable)
rNeg     . . .     Faith    .   O - +3 scale mail {MR+}
rPois    .         Spirit   .   a - +0 helmet
rElec    .         Reflect  .   (no cloak)
rCorr    .         Harm     .   v - +1 pair of gloves
MR       +++++                  j - +1 pair of boots
Stlth    +++++.....             J - amulet of Poteamec {MR+ Regen+}
HPRegen  0.70/turn              r - ring of Civegoju {rF+ rC- MR+ Dex+4 Stlth+}
MPRegen  0.27/turn              Q - ring of protection from cold

@: studying Shields
A: distributed training, fangs 1, strong nose
a: Renounce Religion


You were on level 1 of the Swamp.
You worshipped Vehumet.
Vehumet was extremely pleased with you.
You were hungry.

You visited 7 branches of the dungeon, and saw 27 of its levels.
You also visited: Ossuary.

You collected 2756 gold pieces.
You spent 54 gold pieces at shops.

Inventory:

Hand Weapons
 C - the +8 quarterstaff "Jissin" (weapon) {venom, MR+ MP+9 Int+2}
   (You found it on level 4 of the Dungeon)

   It poisons the flesh of those it strikes.
   It affects your intelligence (+2).
   It affects your resistance to hostile enchantments.
   It affects your magic capacity (+9).
Missiles
 n - 20 silver javelins
 u - 86 poisoned darts (quivered)
 G - 15 curare-tipped darts
Armour
 a - a +0 helmet (worn)
 j - a +1 pair of boots (worn)
 v - a +1 pair of gloves (worn)
 O - a +3 scale mail of magic resistance (worn)
Jewellery
 e - an uncursed ring of poison resistance
 i - an uncursed ring of see invisible
 r - the ring of Civegoju (left hand) {rF+ rC- MR+ Dex+4 Stlth+}
   (You found it on level 9 of the Dungeon)

   [ring of protection from magic]

   It affects your dexterity (+4).
   It protects you from fire.
   It makes you vulnerable to cold.
   It affects your resistance to hostile enchantments.
   It makes you more stealthy.
 J - the amulet of Poteamec (around neck) {MR+ Regen+}
   (You took it off an orc wizard on level 5 of the Dungeon)

   [amulet of regeneration]

   It affects your resistance to hostile enchantments.
   It increases your rate of regeneration.
 K - an uncursed ring of protection from fire
 L - an uncursed ring of magical power
 Q - a ring of protection from cold (right hand)
Wands
 q - a wand of disintegration (11)
 D - a wand of scattershot (1)
 N - a wand of acid (14)
 P - a wand of iceblast (21)
 R - a wand of flame (27)
Scrolls
 b - a scroll of brand weapon {unknown}
 g - 13 scrolls of remove curse
 h - 12 scrolls of teleportation
 m - 3 scrolls of immolation
 o - 5 scrolls of fear
 t - a scroll of fog {unknown}
 E - 4 scrolls of magic mapping
 V - 2 scrolls of blinking {unknown}
 Y - a scroll of vulnerability {unknown}
Potions
 c - 2 potions of ambrosia {unknown}
 f - 2 potions of berserk rage {unknown}
 k - 10 potions of curing
 l - 5 potions of heal wounds
 p - 8 potions of agility
 w - 3 potions of might
 x - a potion of brilliance {unknown}
 z - 3 potions of haste
 M - 2 potions of cancellation {unknown}
 T - 3 potions of magic
 W - 4 potions of resistance
 X - a potion of invisibility {unknown}
 Z - 3 potions of flight
Books
 U - a manual of Shields
Miscellaneous
 B - a phial of floods
 S - a box of beasts
Comestibles
 d - 48 rations


   Skills:
 + Level 10.7 Fighting
 + Level 10.7 Short Blades
 + Level 10.7 Long Blades
 + Level 10.7 Axes
 + Level 10.7 Maces & Flails
 + Level 10.7 Polearms
 + Level 10.7 Staves
 + Level 10.7 Slings
 + Level 10.7 Bows
 + Level 10.7 Crossbows
 + Level 10.7 Throwing
 + Level 10.7 Armour
 + Level 11.6 Dodging
 + Level 11.4 Stealth
 + Level 13.8 Shields
 + Level 10.7 Unarmed Combat
 + Level 12.6 Spellcasting
 + Level 9.4 Conjurations
 + Level 9.1 Hexes
 + Level 9.1 Charms
 + Level 9.4 Summonings
 + Level 9.1 Necromancy
 + Level 9.4 Translocations
 + Level 9.1 Transmutations
 + Level 9.1 Fire Magic
 + Level 9.1 Ice Magic
 + Level 9.1 Air Magic
 + Level 9.1 Earth Magic
 + Level 9.1 Poison Magic
 + Level 11.6 Invocations
 + Level 10.7 Evocations


You had 7 spell levels left.
You knew the following spells:

 Your Spells              Type           Power        Failure   Level  Hunger
a - Stone Arrow           Conj/Erth      ######       1%          3    None
b - Blink                 Tloc           N/A          1%          2    None
c - Lightning Bolt        Conj/Air       ######....   3%          5    ###....
d - Iron Shot             Conj/Erth      ######....   16%         6    #####..
e - Mephitic Cloud        Conj/Pois/Air  ######..     1%          3    None
f - Dazzling Spray        Conj/Hex       ######       1%          3    None
h - Fulminant Prism       Conj/Hex       ######....   1%          4    None
i - Airstrike             Air            ######....   1%          4    None
r - Regeneration          Chrm/Necr      ######....   1%          3    None

Your spell library contained the following spells:

 Spells                   Type           Power        Failure   Level  Hunger
 Bolt of Cold             Conj/Ice       ######....   16%         6    #####..
 Animate Skeleton         Necr           N/A          1%          1    None
 Apportation              Tloc           ######       1%          1    None
 Beastly Appendage        Tmut           ######       1%          1    None
 Confusing Touch          Hex            ######       1%          1    None
 Corona                   Hex            ######.      1%          1    None
 Magic Dart               Conj           ####         1%          1    None
 Pain                     Necr           ####         1%          1    None
 Summon Small Mammal      Summ           ####         1%          1    None
 Call Imp                 Summ           ######..     1%          2    None
 Ensorcelled Hibernation  Hex/Ice        ######       1%          2    None
 Poisonous Vapours        Pois/Air       ######       1%          2    None
 Searing Ray              Conj           ######       1%          2    None
 Slow                     Hex            ######..     1%          2    None
 Sticks to Snakes         Tmut           ######..     1%          2    None
 Confuse                  Hex            ######..     1%          3    None
 Conjure Flame            Conj/Fire      ######..     1%          3    None
 Spider Form              Tmut/Pois      ######....   1%          3    None
 Tukima's Dance           Hex            ######..     1%          3    None
 Vampiric Draining        Necr           ######....   1%          3    None
 Force Lance              Conj/Tloc      ######..     1%          4    None
 Iskenderun's Mystic Bla  Conj           ######..     1%          4    None
 Bolt of Magma            Conj/Fire/Erth ######....   3%          5    ###....
 Iskenderun's Battlesphe  Conj/Chrm      ######..     3%          5    ###....
 Venom Bolt               Conj/Pois      ######....   3%          5    ###....
 Yara's Violent Unravell  Hex/Tmut       ######....   3%          5    ###....
 Animate Dead             Necr           N/A          4%          4    None
 Cause Fear               Hex            ######....   4%          4    None
 Ice Form                 Ice/Tmut       ######..     4%          4    None
 Blade Hands              Tmut           ######....   11%         5    ###....
 Silence                  Hex/Air        ######....   11%         5    ###....
 Freezing Cloud           Conj/Ice/Air   ######....   16%         6    #####..
 Deflect Missiles         Chrm/Air       ######....   52%         6    #####..
 Orb of Destruction       Conj           ######....   56%         7    ######.
 Spellforged Servitor     Conj/Summ      ######....   56%         7    ######.
 Ring of Flames           Chrm/Fire      ######....   98%         7    ######.
 Discord                  Hex            ######....   100%        8    #######


Dungeon Overview and Level Annotations

Branches:
Dungeon (15/15)            Temple (1/1) D:6            Lair (6/6) D:10
  Swamp (1/4) Lair:2       Spider (0/4) Lair:2        Slime (0/5) Lair:5
    Orc (2/2) D:11            Elf (1/3) Orc:2        Vaults (0/5) D:13
 Depths (1/5) D:15        Ossuary (visited)

Altars:
Ashenzari
Cheibriados
Dithmenos
Elyvilon
Fedhas
Gozag
Hepliaklqana
Kikubaaqudgha
Makhleb
Nemelex Xobeh
Okawaru
Qazlal
Ru
Sif Muna
Trog
Uskayaw
Vehumet
Wu Jian
Xom
Yredelemnul
Zin
The Shining One
Beogh
Jiyva

Shops:
D:14 !   D:15 *   Orc:2 =![*

Portals:
Abyss: Depths:1
Trove: D:13 (give 21 scrolls of identify)

Annotations:
Swamp:1 Nikola


Innate Abilities, Weirdness & Mutations

Your experience applies equally to all skills.
You have very sharp teeth.
Your uncanny sense of smell can sniff out nearby items.


Message History

The vampire mosquito draws strength from your injuries!
Nikola gestures wildly while chanting.
You hear a mighty clap of thunder!
The lightning arc hits you!!
The lightning arc hits the vampire mosquito!!
The lightning arc hits you!
The lightning arc hits the vampire mosquito!!
The vampire mosquito is destroyed!
The lightning arc hits you!!
The lightning arc hits Nikola!
Nikola mumbles some strange words.
Nikola blinks!
You hear a roar!
There is a staircase back to the Lair here.
Nikola casts a spell.
You hear a mighty clap of thunder!
The lightning arc hits you!
The lightning arc hits Nikola!
The lightning arc hits you!!
* * * LOW HITPOINT WARNING * * *
The lightning arc hits Nikola!
The lightning arc hits you!!
You die...

.♣♣ ....?♣
...≈♣♣.≈≈.♣♣
≈≈≈.♣≈.≈≈≈.♣♣♣♣
≈≈≈...≈≈≈≈≈...≈
≈≈≈..≈≈≈≈....
.≈≈≈≈≈≈≈≈.≈♣
≈≈..≈≈≈>†@.♣♣♣
≈≈..≈≈≈@..≈..♣
≈...§≈≈.♣≈.≈.♣
..♣≈....♣ ♣♣♣♣
♣♣♣♣♣♣♣


You could see Nikola.

Vanquished Creatures
  An orc warlord (Orc:2)
  2 very ugly things (D:15)
  A minotaur (Lair:5)
  A dire elephant (Lair:6)
  The ghost of Dekurer the Geomancer, a journeyman GrEE of Vehumet (Lair:5)
  A merfolk impaler (Orc:2)
  The ghost of P0WERM0DE the Fighter, a journeyman GrFi of Okawaru (Orc:1)
  A vault guard (D:13)
  6 hydras
  Harold (Lair:1)
  3 catoblepae
  Erica (D:8)
  4 centaur warriors
  3 tengu warriors
  12 death yaks
  The ghost of SnubMonkey the Reanimator, a novice DsNe of Cheibriados (D:8)
  2 two-headed ogres
  Urug (Lair:2)
  2 deep elf knights (D:12)
  The ghost of soark the Destroyer, a novice DECj of Vehumet (D:9)
  Sonja (D:11)
  5 unseen horrors
  A swamp dragon (Lair:2)
  2 wizards (D:14)
  A deep elf archer (D:12)
  The ghost of Fingolfin the Cleaver, a novice MiBe of Trog (D:6)
  An orange crystal statue (D:9)
  A lindwurm (Lair:6)
  11 orc knights
  A necromancer (D:15)
  7 deep elf magi
  2 cyclopes
  A manticore (shapeshifter) (D:15)
  5 orc sorcerers
  A wolf spider (Lair:6)
  3 oklob plants (Lair:5)
  16 ugly things
  3 manticores
  15 elephants
  6 black mambas
  2 naga magi (D:15)
  3 gargoyles
  Joseph (D:7)
  15 spiny frogs
  A yaktaur (shapeshifter) (D:15)
  4 kobold demonologists
  5 komodo dragons
  A harpy zombie (D:15)
  2 tengu conjurers
  9 trolls
  A jumping spider (shapeshifter) (D:15)
  6 jumping spiders (Lair:2)
  A polar bear (Lair:6)
  2 hornets
  A bog body (Lair:2)
  Grinder (D:6)
  7 dream sheep
  18 hippogriffs
  10 blink frogs
  A meliai zombie (D:12)
  A centaur simulacrum (D:15)
  2 redbacks (Lair:2)
  A shadow (D:12)
  A vampire (D:15)
  33 yaks
  11 humans (D:13)
  2 wyverns
  A fire elemental (Orc:2)
  A steam dragon (Lair:2)
  3 basilisks
  Grum (Lair:1)
  4 hungry ghosts
  6 vampire mosquitoes
  Menkaure (Ossuary)
  A swamp worm (Lair:2)
  7 wargs
  A soldier ant (D:13)
  An acid dragon (D:15)
  15 water moccasins
  7 porcupines
  Duvessa (D:7)
  3 eyes of draining
  46 orc warriors
  8 ice beasts
  3 sky beasts
  3 black bears
  2 phantoms
  10 ogres
  A tengu (shapeshifter) (D:13)
  12 crocodiles
  7 wolves
  8 centaurs
  2 big kobolds (D:13)
  24 bullfrogs
  4 gnoll sergeants
  A wyvern skeleton (D:11)
  3 scorpions
  Dowan (D:7)
  2 hornet simulacra (D:15)
  12 killer bees
  4 electric eels
  9 wights
  4 howler monkeys
  5 crimson imps
  2 bullfrog zombies
  7 centaur zombies
  4 quasits
  4 jellies
  20 orc priests
  8 hounds
  7 centaur skeletons
  2 gnoll shamans
  2 iguanas
  Ijyb (D:5)
  34 orc wizards
  A hell rat (Lair:6)
  15 worker ants
  3 ogre zombies (Ossuary)
  A big kobold zombie (Ossuary)
  A hound zombie (D:10)
  A hound skeleton (D:5)
  6 mummies (Ossuary)
  3 worker ant zombies
  27 gnolls
  19 adders
  2 howler monkey skeletons
  5 shadow imps
  3 oozes
  2 adder zombies (Ossuary)
  3 worms
  2 dart slugs
  5 leopard geckos
  98 orcs
  4 giant cockroaches
  3 goblins
  6 hobgoblins
  4 jackals
  14 kobolds
  3 quokkas
  5 ball pythons
  9 bats
  7 frilled lizards
  A giant cockroach zombie (D:6)
  4 goblin zombies (Ossuary)
  3 hobgoblin zombies (Ossuary)
  3 kobold zombies (Ossuary)
  A leopard gecko skeleton (D:5)
  A leopard gecko zombie (D:6)
  9 quokka zombies
  13 rats
  5 rat zombies (Ossuary)
  2 fungi
881 creatures vanquished.

Vanquished Creatures (others)
  A vampire mosquito (Swamp:1)
  A bush (Lair:6)
  4 fungi
  15 plants
21 creatures vanquished.

Grand Total: 902 creatures vanquished

Notes
Turn   | Place    | Note
-------+----------+-------------------------------------------
     0 | D:1      | Hybris the Gnoll Wizard began the quest for the Orb.
     0 | D:1      | Reached XP level 1. HP: 13/13 MP: 8/8
   117 | D:1      | Upgraded the game from 0.24-a0-630-g0d56a851f4 to
                  | 0.24-a0-639-gb70a11d811
   119 | D:1      | Reached XP level 2. HP: 19/19 MP: 6/10
   676 | D:1      | Reached XP level 3. HP: 25/25 MP: 8/11
   680 | D:1      | Learned a level 2 spell: Blink
   683 | D:1      | Learned a level 2 spell: Call Imp
   687 | D:1      | Learned a level 3 spell: Conjure Flame
   691 | D:1      | Learned a level 3 spell: Mephitic Cloud
   979 | D:2      | Reached skill level 1 in Invocations
  1220 | D:2      | Reached skill level 1 in Fighting
  1220 | D:2      | Reached skill level 1 in Short Blades
  1220 | D:2      | Reached skill level 1 in Long Blades
  1220 | D:2      | Reached skill level 1 in Axes
  1220 | D:2      | Reached skill level 1 in Maces & Flails
  1220 | D:2      | Reached skill level 1 in Polearms
  1220 | D:2      | Reached skill level 1 in Staves
  1220 | D:2      | Reached skill level 1 in Slings
  1220 | D:2      | Reached skill level 1 in Bows
  1220 | D:2      | Reached skill level 1 in Crossbows
  1220 | D:2      | Reached skill level 1 in Throwing
  1220 | D:2      | Reached skill level 1 in Armour
  1220 | D:2      | Reached skill level 1 in Shields
  1220 | D:2      | Reached skill level 1 in Unarmed Combat
  1220 | D:2      | Reached skill level 1 in Evocations
  1242 | D:2      | Reached XP level 4. HP: 22/32 MP: 1/13
  1388 | D:2      | Reached skill level 1 in Hexes
  1388 | D:2      | Reached skill level 1 in Charms
  1388 | D:2      | Reached skill level 1 in Necromancy
  1388 | D:2      | Reached skill level 1 in Transmutations
  1388 | D:2      | Reached skill level 1 in Fire Magic
  1388 | D:2      | Reached skill level 1 in Ice Magic
  1388 | D:2      | Reached skill level 1 in Air Magic
  1388 | D:2      | Reached skill level 1 in Earth Magic
  1388 | D:2      | Reached skill level 1 in Poison Magic
  1420 | D:2      | Found a glowing golden altar of the Shining One.
  1795 | D:2      | Reached XP level 5. HP: 37/37 MP: 6/14
  1868 | D:2      | Found a hazy altar of Hepliaklqana.
  2579 | D:3      | Reached XP level 6. HP: 44/44 MP: 12/16
  2991 | D:4      | Reached skill level 5 in Dodging
  3019 | D:4      | Found a shadowy altar of Dithmenos.
  3061 | D:4      | Got an ancient quarterstaff
  3062 | D:4      | Identified the +8 quarterstaff "Jissin" {venom, MR+ MP+9
                  | Int+2} (You found it on level 4 of the Dungeon)
  3107 | D:4      | Reached skill level 2 in Shields
  3305 | D:5      | Entered Level 5 of the Dungeon
  3350 | D:5      | Found a snail-covered altar of Cheibriados.
  3364 | D:5      | Reached XP level 7. HP: 47/50 MP: 18/18
  3450 | D:5      | Learned a level 3 spell: Dazzling Spray
  3567 | D:5      | Noticed Ijyb
  3583 | D:5      | Killed Ijyb
  3809 | D:5      | Found a shattered altar of Ashenzari.
  4001 | D:5      | Reached skill level 5 in Stealth
  4402 | D:5      | Reached XP level 8. HP: 57/57 MP: 19/19
  4572 | D:5      | Reached skill level 3 in Shields
  4575 | D:6      | Noticed a kobold demonologist
  5265 | D:6      | Noticed Grinder
  5266 | D:6      | Found a staircase to the Ecumenical Temple.
  5290 | D:6      | Reached XP level 9. HP: 62/65 MP: 21/21
  5311 | D:6      | Identified the amulet of Poteamec {MR+ Regen+}
  5510 | D:6      | Identified the +3 shield "Veseb" {rF++ Int+2}
  5533 | D:6      | Found a transporter.
  5573 | D:6      | Noticed a sun demon
  5653 | D:6      | Killed a kobold demonologist
  5653 | D:6      | Reached skill level 4 in Shields
  5871 | D:6      | Found a transporter.
  5878 | D:6      | Noticed Fingolfin's ghost (novice MiBe)
  6075 | D:7      | Noticed Duvessa
  6075 | D:7      | Noticed Dowan
  6083 | D:7      | Killed Dowan
  6105 | D:7      | Killed Duvessa
  6365 | D:7      | Found an opulent altar of Gozag.
  6446 | D:7      | Found an ancient bone altar of Kikubaaqudgha.
  6447 | D:7      | Found a burning altar of Makhleb.
  6647 | D:7      | Reached skill level 5 in Invocations
  6825 | D:7      | Noticed Joseph
  6906 | D:6      | Killed Grinder
  6916 | Temple   | Entered the Ecumenical Temple
  7290 | D:6      | Reached XP level 10. HP: 63/73 MP: 22/22
  7323 | D:6      | Killed Fingolfin's ghost
  7470 | D:7      | Found a glowing silver altar of Zin.
  7557 | D:7      | Killed Joseph
  7557 | D:7      | Reached skill level 5 in Fighting
  7557 | D:7      | Reached skill level 5 in Short Blades
  7557 | D:7      | Reached skill level 5 in Long Blades
  7557 | D:7      | Reached skill level 5 in Axes
  7557 | D:7      | Reached skill level 5 in Maces & Flails
  7557 | D:7      | Reached skill level 5 in Polearms
  7557 | D:7      | Reached skill level 5 in Staves
  7557 | D:7      | Reached skill level 5 in Slings
  7557 | D:7      | Reached skill level 5 in Bows
  7557 | D:7      | Reached skill level 5 in Crossbows
  7557 | D:7      | Reached skill level 5 in Throwing
  7557 | D:7      | Reached skill level 5 in Armour
  7557 | D:7      | Reached skill level 5 in Shields
  7557 | D:7      | Reached skill level 5 in Unarmed Combat
  7557 | D:7      | Reached skill level 5 in Evocations
  7857 | D:8      | Found a runed translucent door.
  7862 | D:8      | Noticed SnubMonkey's ghost (novice DsNe)
  8003 | D:8      | Found a sand-covered staircase.
  8009 | Ossuary  | Entered an ossuary
  8423 | Ossuary  | Noticed Menkaure
  8468 | Ossuary  | Killed Menkaure
  8661 | D:8      | Reached skill level 5 in Conjurations
  8661 | D:8      | Reached skill level 5 in Summonings
  8661 | D:8      | Reached skill level 5 in Translocations
  8771 | D:8      | Reached skill level 6 in Shields
  8811 | D:8      | Got a coiled copper amulet
  8813 | D:8      | Identified the amulet "Geudaaffu" {Acrobat rPois rF+ Str+3
                  | Dex-4} (You found it on level 8 of the Dungeon)
  8975 | D:9      | Found a large runed translucent door.
  8975 | D:9      | Found a large runed translucent door.
  8997 | D:9      | Noticed soark's ghost (novice DECj)
  9002 | D:9      | Noticed Erica
  9022 | D:8      | Killed Erica
  9218 | D:9      | Reached XP level 11. HP: 81/81 MP: 24/24
  9346 | D:9      | Noticed a deep elf mage
  9369 | D:9      | Killed a deep elf mage
  9397 | D:9      | Noticed an orange crystal statue
  9554 | D:9      | Found a radiant altar of Vehumet.
  9562 | D:9      | Found a sparkling altar of Nemelex Xobeh.
  9567 | D:9      | Found a basalt altar of Yredelemnul.
  9573 | D:9      | Became a worshipper of Vehumet
  9674 | D:9      | Found a stormy altar of Qazlal.
  9706 | D:10     | Entered Level 10 of the Dungeon
 10021 | D:10     | Found a sparkling altar of Nemelex Xobeh.
 10187 | D:10     | Reached skill level 5 in Hexes
 10187 | D:10     | Reached skill level 5 in Charms
 10187 | D:10     | Reached skill level 5 in Necromancy
 10187 | D:10     | Reached skill level 5 in Transmutations
 10187 | D:10     | Reached skill level 5 in Fire Magic
 10187 | D:10     | Reached skill level 5 in Ice Magic
 10187 | D:10     | Reached skill level 5 in Air Magic
 10187 | D:10     | Reached skill level 5 in Earth Magic
 10187 | D:10     | Reached skill level 5 in Poison Magic
 10354 | D:10     | Found a staircase to the Lair.
 10370 | D:10     | Reached * piety under Vehumet
 10370 | D:10     | Offered knowledge of Sandblast by Vehumet.
 10403 | D:10     | Reached skill level 7 in Shields
 10441 | D:10     | Learned a level 4 spell: Force Lance
 10446 | D:10     | Learned a level 4 spell: Fulminant Prism
 10704 | D:10     | Noticed an unseen horror
 10706 | D:10     | Killed an unseen horror
 12089 | D:11     | Noticed a centaur warrior
 12108 | D:11     | Killed a centaur warrior
 12172 | D:11     | Reached ** piety under Vehumet
 12186 | D:11     | Offered knowledge of Flame Tongue by Vehumet.
 12215 | D:11     | Reached skill level 8 in Shields
 12369 | D:11     | Reached XP level 12. HP: 72/89 MP: 25/25
 12448 | D:11     | Found a staircase to the Orcish Mines.
 12484 | D:11     | Got an ancient flail
 12485 | D:11     | Identified the cursed +1 flail "Citixaen" {crush, rC+} (You
                  | found it on level 11 of the Dungeon)
 12590 | D:11     | Noticed Sonja
 12595 | D:11     | Killed Sonja
 12595 | D:11     | Reached skill level 10 in Spellcasting
 13239 | D:9      | Killed soark's ghost
 13310 | Lair:1   | Entered Level 1 of the Lair of Beasts
 13394 | Lair:1   | Noticed Grum
 13422 | Lair:1   | Killed Grum
 13684 | Lair:1   | Noticed Harold
 13814 | Lair:1   | Reached skill level 9 in Shields
 13906 | Lair:1   | Noticed a five-headed hydra
 14051 | Lair:1   | Offered knowledge of Stone Arrow by Vehumet.
 14094 | Lair:1   | Learned a level 3 spell: Stone Arrow
 14169 | D:8      | Killed SnubMonkey's ghost
 14522 | D:12     | Reached *** piety under Vehumet
 14538 | D:12     | Noticed a deep elf knight
 14817 | D:12     | Noticed a deep elf knight
 15047 | D:12     | Killed a deep elf knight
 15048 | D:12     | Reached XP level 13. HP: 98/98 MP: 7/27
 15610 | Lair:1   | Killed Harold
 15610 | Lair:1   | Reached skill level 10 in Shields
 15852 | Lair:2   | Offered knowledge of Airstrike by Vehumet.
 15858 | Lair:2   | Learned a level 4 spell: Airstrike
 16280 | Lair:2   | Reached **** piety under Vehumet
 16356 | Lair:2   | Noticed Urug
 16369 | Lair:2   | Killed Urug
 16470 | Lair:2   | Offered knowledge of Lightning Bolt by Vehumet.
 16480 | Lair:2   | Learned a level 5 spell: Lightning Bolt
 16569 | Lair:2   | Found a hole to the Spider Nest.
 16868 | Lair:2   | Found a staircase to the Swamp.
 17997 | Lair:4   | Reached ***** piety under Vehumet
 17997 | Lair:4   | Offered knowledge of Iskenderun's Battlesphere by Vehumet.
 18018 | Lair:4   | Identified 2 scrolls of acquirement
 18333 | D:13     | Reached skill level 11 in Shields
 18374 | D:13     | Reached XP level 14. HP: 106/106 MP: 29/29
 18818 | D:13     | Reached skill level 10 in Dodging
 18889 | D:13     | Found a gate to the Vaults.
 19013 | D:13     | Found a portal to a secret trove of treasure.
 20194 | Lair:5   | Found a staircase to the Slime Pits.
 20194 | Lair:5   | Found a viscous altar of Jiyva.
 20209 | Lair:5   | Reached skill level 10 in Stealth
 20619 | Lair:5   | Reached skill level 10 in Invocations
 20753 | Lair:5   | Noticed Dekurer's ghost (journeyman GrEE)
 20791 | Lair:5   | Found a runed translucent gate.
 20791 | Lair:5   | Found a runed translucent gate.
 20791 | Lair:5   | Found a runed translucent gate.
 21149 | Lair:5   | Offered knowledge of Throw Icicle by Vehumet.
 21394 | Lair:6   | Entered Level 6 of the Lair of Beasts
 21673 | Lair:6   | Reached skill level 12 in Shields
 21968 | Lair:6   | Reached XP level 15. HP: 112/114 MP: 30/30
 22362 | Lair:6   | Got an ichor-stained falchion
 22363 | Lair:6   | Identified the +7 falchion of Okhlo {holy, rC+ Dex+5
                  | Stlth+} (You found it on level 6 of the Lair of Beasts)
 22936 | Lair:6   | Found a shattered altar of Ashenzari.
 24085 | Orc:1    | Entered Level 1 of the Orcish Mines
 24183 | Orc:1    | Offered knowledge of Iron Shot by Vehumet.
 24198 | Orc:1    | Learned a level 6 spell: Iron Shot
 24923 | Orc:2    | Entered Level 2 of the Orcish Mines
 24973 | Orc:1    | Reached skill level 10 in Fighting
 24973 | Orc:1    | Reached skill level 10 in Short Blades
 24973 | Orc:1    | Reached skill level 10 in Long Blades
 24973 | Orc:1    | Reached skill level 10 in Axes
 24973 | Orc:1    | Reached skill level 10 in Maces & Flails
 24973 | Orc:1    | Reached skill level 10 in Polearms
 24973 | Orc:1    | Reached skill level 10 in Staves
 24973 | Orc:1    | Reached skill level 10 in Slings
 24973 | Orc:1    | Reached skill level 10 in Bows
 24973 | Orc:1    | Reached skill level 10 in Crossbows
 24973 | Orc:1    | Reached skill level 10 in Throwing
 24973 | Orc:1    | Reached skill level 10 in Armour
 24973 | Orc:1    | Reached skill level 10 in Unarmed Combat
 24973 | Orc:1    | Reached skill level 10 in Evocations
 25383 | Orc:2    | Found Wytwum's Jewellery Shop.
 25383 | Orc:2    | Found Muciy's Distillery.
 25426 | Orc:2    | Bought a potion of flight for 54 gold pieces
 25478 | Orc:2    | Found a runed translucent gate.
 25479 | Orc:2    | Found a runed translucent gate.
 25480 | Orc:2    | Found a runed translucent gate.
 25554 | Orc:2    | Found a staircase to the Elven Halls.
 25592 | Orc:2    | Offered knowledge of Ozocubu's Refrigeration by Vehumet.
 25947 | Orc:2    | Noticed an orc warlord
 26032 | Orc:2    | Killed an orc warlord
 26075 | Orc:2    | Identified the cursed +1 ring mail of Creativity {rElec rF-
                  | Str+2}
 26075 | Orc:2    | Noticed P0WERM0DE's ghost (journeyman GrFi)
 26076 | Orc:2    | Found an iron altar of Okawaru.
 26212 | Orc:2    | Reached skill level 13 in Shields
 26413 | Orc:2    | Found a roughly hewn altar of Beogh.
 26550 | Orc:2    | Found Xuruifou's Assorted Antiques.
 26550 | Orc:2    | Found Ruro's Antique Armour Shop.
 27223 | D:14     | Found a sacrificial altar of Ru.
 27250 | D:14     | Found Zekk's Distillery.
 27332 | D:14     | Reached XP level 16. HP: 122/122 MP: 27/32
 27942 | D:15     | Entered Level 15 of the Dungeon
 28359 | D:15     | Offered knowledge of Bolt of Cold by Vehumet.
 29205 | D:15     | Found Niaf's Assorted Antiques.
 29479 | D:15     | Found a staircase to the Depths.
 30488 | Lair:5   | Killed Dekurer's ghost
 30905 | Orc:1    | Killed P0WERM0DE's ghost
 31378 | D:9      | Got a bound brass ring
 31380 | D:9      | Identified the ring of Civegoju {rF+ rC- MR+ Dex+4 Stlth+}
                  | (You found it on level 9 of the Dungeon)
 31515 | Elf:1    | Entered Level 1 of the Elven Halls
 31532 | Orc:2    | Learned a level 3 spell: Regeneration
 31764 | Depths:1 | Entered Level 1 of the Depths
 31764 | Depths:1 | Found a one-way gate to the infinite horrors of the Abyss.
 32333 | Swamp:1  | Entered Level 1 of the Swamp
 32333 | Swamp:1  | Noticed Nikola
 32413 | Swamp:1  | Killed from afar by Nikola

Levels and vault maps discovered:
D:1:      roderic_octagonal_star, layout_loops_ring, minivault_14
D:2:      layout_rooms, marbit_many_paths, tso_oasis_becter
D:3:      layout_loops_corners, minmay_crystal_water, chequers_avenue
D:4:      layout_gridville, nicolae_overflow_crystal_walls
D:5:      layout_basic, nicolae_ashenzari_panopticon, slow_altar_1,
          first_ration, uniq_ijyb
D:6:      layout_rooms, minmay_temple_entry_ruins,
          gammafunk_ghost_gnarly_gnolls, uniq_grinder
D:7:      layout_loops_ring, zin_scriptorium, grunt_gozag_statues,
          grunt_temple_overflow_open, grunt_ogre_cave, uniq_duvessa, uniq_joseph
D:8:      layout_rooms, hellmonk_ghost_happy_afterlife,
          nicolae_ossuary_entry_plus
D:9:      layout_rooms, nicolae_qazlal_style_of_elements, minitemple,
          ebering_ghost_disaster_area, nrook_mini_backslash,
          minmay_protected_statue, uniq_erica
D:10:     layout_roguey, dpeg_oklobed_lair, minivault_4, nicolae_lava_and_water,
          nemelex_diamond_rough_becter
D:11:     layout_irregular_city, orc_0_dummy, uniq_sonja
D:12:     layout_basic
D:13:     layout_roguey, ximxim_vaults_locker_room, nicolae_trove_entry_crystal,
          grunt_decor_one_mirror
D:14:     layout_small_grid, hangedman_ru_absence, serial_shops,
          nicolae_shop_crystal
D:15:     grunt_enter_depths_magical_seal, layout_cave_pods, serial_shops, shop,
          hangedman_abyss_or_decor_stagger
Temple:   compressed_dpeg_triangle_lava_temple
Lair:1:   layout_misc_corridors, uniq_harold, uniq_grum
Lair:2:   layout_regular_city, nicolae_swamp_entry_splash_gauntlet,
          nicolae_spider_entry_tight_spaces, uniq_urug
Lair:3:   layout_chaotic_city
Lair:4:   layout_misc_corridors, kennysheep_catoblepas_arena
Lair:5:   layout_loops_ring, slime_altar_1, maelrawn_ghost_gauntlet_escape,
          grunt_megastairs_5, serial_bayou_shore_a, serial_bayou_shore_b,
          minmay_lair_oklob_chamber
Lair:6:   hangedman_lair_in_review, layout_regular_city, basic_altar,
          serial_bayou_shore_b
Swamp:1:  layout_basic_swamp, evilmike_swamp_ruin_house_2, uniq_kirke,
          uniq_josephine, uniq_nikola
Orc:1:    layout_caves, nicolae_orc_sculptors_studio, nicolae_orc_lava_room
Orc:2:    st_orc_town, layout_caves, gammafunk_ghost_fury_of_okawaru,
          guppyfry_library_mini
Elf:1:    minmay_elf_arrival_plus, layout_geoelf_octagon, serial_shops,
          nicolae_shop_trees, gammafunk_ghost_berserking_beasts, minivault_28,
          minivault_19, hex_intersection, kilobyte_mutagenic_chamber
Depths:1: gold_lair_mu, layout_basic, serial_sigils_hangedman_clutch,
          abyss_entry, hangedman_geh_valley, pan_entry, minmay_microvault,
          kennysheep_random_hallway, uniq_bai_suzhen

Skill      XL: |  1  2  3  4  5  6  7  8  9 10 11 12 13 14 15 16 |
---------------+-------------------------------------------------+-----
Conjurations   | 2 3 4 5 6 7 8 9 |  9.4
Summonings     | 2 3 4 5 6 7 8 9 |  9.4
Translocations | 2 3 4 5 6 7 8 9 |  9.4
Invocations    | 1 2 3 4 5 6 7 8 9 10 11 | 11.6
Fighting       | 1 2 3 4 5 6 7 8 9 10 | 10.7
Short Blades   | 1 2 3 4 5 6 7 8 9 10 | 10.7
Long Blades    | 1 2 3 4 5 6 7 8 9 10 | 10.7
Axes           | 1 2 3 4 5 6 7 8 9 10 | 10.7
Maces & Flails | 1 2 3 4 5 6 7 8 9 10 | 10.7
Polearms       | 1 2 3 4 5 6 7 8 9 10 | 10.7
Staves         | 1 2 3 4 5 6 7 8 9 10 | 10.7
Slings         | 1 2 3 4 5 6 7 8 9 10 | 10.7
Bows           | 1 2 3 4 5 6 7 8 9 10 | 10.7
Crossbows      | 1 2 3 4 5 6 7 8 9 10 | 10.7
Throwing       | 1 2 3 4 5 6 7 8 9 10 | 10.7
Armour         | 1 2 3 4 5 6 7 8 9 10 | 10.7
Shields        | 1 2 3 4 6 8 9 11 12 13 | 13.8
Unarmed Combat | 1 2 3 4 5 6 7 8 9 10 | 10.7
Evocations     | 1 2 3 4 5 6 7 8 9 10 | 10.7
Hexes          | 1 2 3 4 5 6 7 8 9 |  9.1
Charms         | 1 2 3 4 5 6 7 8 9 |  9.1
Necromancy     | 1 2 3 4 5 6 7 8 9 |  9.1
Transmutations | 1 2 3 4 5 6 7 8 9 |  9.1
Fire Magic     | 1 2 3 4 5 6 7 8 9 |  9.1
Ice Magic      | 1 2 3 4 5 6 7 8 9 |  9.1
Air Magic      | 1 2 3 4 5 6 7 8 9 |  9.1
Earth Magic    | 1 2 3 4 5 6 7 8 9 |  9.1
Poison Magic   | 1 2 3 4 5 6 7 8 9 |  9.1
Dodging        | 5 6 7 8 9 10 11 | 11.6
Stealth        | 5 6 7 8 9 10 11 | 11.4
Spellcasting   | 8 9 10 11 12 | 12.6

Action                   |  1- 3 |  4- 6 |  7- 9 | 10-12 | 13-15 | 16-18 || total
-------------------------+-------+-------+-------+-------+-------+-------++-------
Melee: Unarmed           |     2 |       |       |       |       |       ||     2
       Whip              |     7 |    40 |       |       |       |       ||    47
       Bite              |     2 |     3 |     9 |    48 |   116 |    16 ||   194
       Short sword       |     2 |       |       |       |       |       ||     2
       Quarterstaff      |       |    14 |   191 |   636 |   952 |   125 ||  1918
Throw: Dart              |       |     6 |    41 |     7 |    47 |       ||   101
       Javelin           |       |       |       |     4 |       |       ||     4
 Cast: Magic Dart        |    73 |   102 |   159 |   257 |     1 |       ||   592
       Blink             |     1 |       |    17 |    22 |    14 |    21 ||    75
       Mephitic Cloud    |       |     8 |    25 |    48 |    96 |    18 ||   195
       Conjure Flame     |       |       |     2 |     6 |     2 |       ||    10
       Dazzling Spray    |       |       |     3 |    39 |    21 |    10 ||    73
       Call Imp          |       |       |     3 |     3 |     3 |       ||     9
       Force Lance       |       |       |       |    17 |       |       ||    17
       Stone Arrow       |       |       |       |    14 |   426 |   109 ||   549
       Airstrike         |       |       |       |       |    62 |    78 ||   140
       Lightning Bolt    |       |       |       |       |       |     2 ||     2
Evoke: Wand              |       |       |       |    14 |     2 |    10 ||    26
       Phial of floods   |       |       |       |       |       |     1 ||     1
  Use: Scroll            |       |       |       |    16 |     9 |     2 ||    27
       Potion            |       |       |       |     1 |       |     1 ||     2
 Stab: Sleeping          |       |     2 |     2 |    23 |     2 |       ||    29
       Confused          |       |     2 |     5 |    19 |    36 |     7 ||    69
       Invisible         |       |       |       |     3 |     2 |     1 ||     6
       Distracted        |       |       |       |     1 |       |       ||     1
  Eat: Chunk             |     1 |     6 |    12 |    26 |    39 |    12 ||    96
       Ration            |       |       |       |       |       |     1 ||     1
Armor: Robe              |     3 |     7 |     5 |       |       |       ||    15
       Ring mail         |       |       |    59 |     5 |       |       ||    64
       Leather armour    |       |       |       |   170 |       |       ||   170
       Scale mail        |       |       |       |       |   340 |    74 ||   414
Dodge: Dodged            |     9 |    32 |   138 |   512 |   503 |   114 ||  1308

Table legend:
 A = Non-vault XP
 B = Vault XP
 C = Vault XP percentage of total XP
 D = Non-vault monster count
 E = Vault monster count
 F = Vault count percentage of total count
                 A         B        C        D         E       F
            +---------+---------+-------+---------+---------+-------
      Total |  108544 |   52323 |  32.5 |     670 |     209 |  23.8
            +---------+---------+-------+---------+---------+-------
        D:1 |      37 |       0 |   0.0 |      25 |       0 |   0.0
        D:2 |     213 |      13 |   5.8 |      30 |       1 |   3.2
        D:3 |     145 |       0 |   0.0 |      20 |       0 |   0.0
        D:4 |     190 |       0 |   0.0 |       7 |       0 |   0.0
        D:5 |    1474 |      41 |   2.7 |      52 |       2 |   3.7
        D:6 |    1145 |    1160 |  50.3 |      28 |      10 |  26.3
        D:7 |    1074 |     737 |  40.7 |      29 |       4 |  12.1
        D:8 |    1516 |    1807 |  54.4 |      19 |       2 |   9.5
        D:9 |    1370 |    1422 |  50.9 |      14 |       2 |  12.5
       D:10 |    5638 |       0 |   0.0 |      53 |       0 |   0.0
       D:11 |    5235 |     795 |  13.2 |      31 |       1 |   3.1
       D:12 |    6968 |       0 |   0.0 |      33 |       0 |   0.0
       D:13 |    8108 |    3110 |  27.7 |      40 |      12 |  23.1
       D:14 |   12449 |       0 |   0.0 |      38 |       0 |   0.0
       D:15 |   12826 |    3682 |  22.3 |      42 |       9 |  17.6
     Lair:1 |    3831 |    1487 |  28.0 |      15 |       5 |  25.0
     Lair:2 |    8868 |    3608 |  28.9 |      30 |      12 |  28.6
     Lair:3 |    1964 |       0 |   0.0 |      12 |       0 |   0.0
     Lair:4 |    3529 |    1535 |  30.3 |      13 |       3 |  18.8
     Lair:5 |    7368 |    8521 |  53.6 |      26 |      15 |  36.6
     Lair:6 |   14564 |   10288 |  41.4 |      43 |      20 |  31.7
      Orc:1 |    5063 |    1861 |  26.9 |      44 |       2 |   4.3
      Orc:2 |    4299 |   11746 |  73.2 |      25 |      72 |  74.2
   Depths:1 |     670 |       0 |   0.0 |       1 |       0 |   0.0
    Ossuary |       0 |     510 | 100.0 |       0 |      37 | 100.0
            +---------+---------+-------+---------+---------+-------
